 Dungeon Crawl Stone Soup version 0.29.1-13-g9f3cf754e1 (webtiles) character file.

Game seed: 4089251439222184790

430 Thatpatchoflichen the Shooter (level 6, -5/38 HPs)
             Began as a Deep Elf Hunter on Jan 25, 2023.
             Engulfed by a cloud of poison gas (10 damage)
             ... on level 4 of the Dungeon.
             The game lasted 00:11:39 (3397 turns).

Thatpatchoflichen the Shooter (Deep Elf Hunter)     Turns: 3397, Time: 00:11:39

Health: -5/38      AC:  7    Str:  8    XL:     6   Next: 66%
Magic:  8/8        EV: 12    Int: 14    God:
Gold:   212        SH:  0    Dex: 20    Spells: 5/5 levels left

rFire   . . .      SeeInvis .   a - +0 shortbow
rCold   + . .      Faith    .   (shield currently unavailable)
rNeg    . . .      Spirit   .   d - +0 ring mail {rC+}
rPois   .          Reflect  .   k - +1 hat
rElec   .          Harm     .   (no cloak)
rCorr   .          Rampage  .   o - +0 pair of gloves {infuse}
Will    .....                   (no boots)
Stlth   ++........              (no amulet)
HPRegen 0.12/turn               (no ring)
MPRegen 0.11/turn               (no ring)

@: lethally poisoned (-5 -> -23)
A: no striking features
a: no special abilities


You were on level 4 of the Dungeon.
You visited 1 branch of the dungeon, and saw 5 of its levels.

You collected 212 gold pieces.

Inventory:

Hand Weapons
 a - a +0 shortbow (weapon)
Missiles
 j - 15 poisoned darts
Armour
 c - a +0 leather armour
 d - a +0 ring mail of cold resistance (worn)
 k - a +1 hat (worn)
 o - a +0 pair of gloves of infusion (worn)
Wands
 h - a wand of flame (7)
Scrolls
 b - 3 scrolls of immolation
 e - a scroll of amnesia {unknown}
 g - a scroll of fear {unknown}
 l - a scroll of enchant armour {unknown}
 m - 3 scrolls of magic mapping
Potions
 f - a potion of flight
 n - a potion of attraction {unknown}
 p - 2 potions of curing


   Skills:
 + Level 3.7 Fighting
 - Level 6.0 Ranged Weapons
 + Level 5.6 Dodging
 - Level 4.0 Stealth


You had 5 spell levels left.
You didn't know any spells.
Your spell library contained the following spells:

 Spells                   Type           Power      Damage    Failure   Level
 Summon Guardian Golem    Hex/Summ       0%         N/A       95%         3
 Hailstorm                Conj/Ice       0%         3d3       100%        4
 Ice Form                 Ice/Tmut       0%         N/A       100%        4
 Simulacrum               Ice/Necr       0%         N/A       100%        6
 Orb of Destruction       Conj           0%         9d5       100%        7
 Spellforged Servitor     Conj/Summ      0%         N/A       100%        7


Dungeon Overview and Level Annotations

Branches:
Dungeon (5/15)
 Temple: D:4-7

Altars:
Trog


Message History

The orc wizard closely misses you. The phantom hits you.
* * * LOW HITPOINT WARNING * * *
The phantom blinks!
You blink.
An adder comes into view.
Fire: a) +0 shortbow
Press: ? - help, Q - select action, (/) - cycle Shift-Dir - straight line, f/p - phantom
Aim: a phantom (poison gas, lightly damaged, 57% to hit)
You shoot an arrow. The arrow misses the phantom.
The phantom hits you but does no damage.
Unknown command.
Fire: a) +0 shortbow
Press: ? - help, Q - select action, (/) - cycle Shift-Dir - straight line, f/p - phantom
Aim: a phantom (poison gas, lightly damaged, 57% to hit)
You shoot an arrow. The arrow barely misses the phantom.
The phantom completely misses you.
Unknown command.
Fire: a) +0 shortbow
Press: ? - help, Q - select action, (/) - cycle Shift-Dir - straight line, f/p - phantom
Aim: a phantom (poison gas, lightly damaged, 57% to hit)
You shoot an arrow. The arrow hits the phantom.
The phantom is moderately damaged.
The phantom hits you but does no damage.
The phantom completely misses you.
Fire: a) +0 shortbow
Press: ? - help, Q - select action, (/) - cycle Shift-Dir - straight line, f/p - phantom
Aim: a phantom (poison gas, moderately damaged, 57% to hit)
You shoot an arrow. The arrow hits the phantom!
The phantom is heavily damaged.
The phantom hits you.
* * * LOW HITPOINT WARNING * * *
The phantom blinks!
You blink.
Found a book of Changes.
The orc priest looks encouraged for a moment.
Fire: a) +0 shortbow
Press: ? - help, Q - select action, (/) - cycle Shift-Dir - straight line, f/p - phantom
Aim: a phantom (poison gas, heavily damaged, 57% to hit)
You shoot an arrow. The arrow hits the phantom.
The phantom is heavily damaged.
You are engulfed in poison gas.
You are lethally poisoned!
You die...

#....♣....#....♣(.
...#.§○#☼...☼#...#..
♣..§.○§§♣.♣........
....♣○♣§○.§§..♣.♣...
..#...§○#.○.#§☼....#
... #§§§○♣§☼§○#...#
..#.....#o.o#.....#
....♣.♣§§o.§..♣.♣.##
♣..§○§@○♣.♣..)....#
.:.#§§W#§...o#...#.#
#....♣....#....♣...#
...# ..#.....#...#.#
.♣ .....♣.♣.....o.#
.♣.♣.......♣.♣..#
#... .#...#..§...# .
.# ...♣....#.#.#
.#...#......#


You could see a phantom, an orc priest, 2 orc wizards and an orc.

Vanquished Creatures
  Sigmund (D:2)
  Jessica (D:2)
  An iguana (D:4)
  Natasha (thrice) (D:2)
  2 orc wizards
  3 adders
  A worm (D:2)
  2 dart slugs
  2 orcs (D:4)
  10 endoplasms
  A giant cockroach (D:1)
  5 goblins
  5 hobgoblins
  4 jackals (D:3)
  3 kobolds
  4 quokkas
  2 ball pythons
  2 bats
  A frilled lizard (D:1)
  12 rats
65 creatures vanquished.

Notes
Turn   | Place    | Note
-------+----------+-------------------------------------------
     0 | D:1      | Thatpatchoflichen the Deep Elf Hunter began the quest for
                  | the Orb.
     0 | D:1      | Reached XP level 1. HP: 12/12 MP: 3/3
   137 | D:1      | Reached XP level 2. HP: 17/17 MP: 4/4
   599 | D:2      | Reached XP level 3. HP: 21/21 MP: 5/5
   609 | D:2      | Noticed Jessica
   617 | D:2      | Killed Jessica
   755 | D:2      | Noticed Natasha
   760 | D:2      | Killed Natasha
   761 | D:2      | Reached skill level 6 in Ranged Weapons
   761 | D:2      | Reached XP level 4. HP: 19/27 MP: 6/6
   863 | D:2      | Noticed Sigmund
   892 | D:2      | Noticed Natasha
   904 | D:2      | Killed Natasha
   940 | D:2      | Killed Sigmund
   941 | D:2      | Reached XP level 5. HP: 23/32 MP: 7/7
  1088 | D:2      | Noticed Natasha
  1129 | D:2      | Killed Natasha
  1130 | D:2      | Reached XP level 6. HP: 28/37 MP: 8/8
  1309 | D:2      | Reached skill level 5 in Dodging
  1454 | D:2      | Found a faded altar of an unknown god.
  2817 | D:3      | Found a bloodstained altar of Trog.
  3286 | D:5      | Entered Level 5 of the Dungeon
  3397 | D:4      | Engulfed by a cloud of poison gas

Illustrated notes

Levels and vault maps discovered:
D:1:      dpeg_arrival_ratfight, layout_rooms, dreamdust_princess_corridor,
          minmay_misc_feat_nine_boxes, minmay_tiny_reverse_x
D:2:      layout_loops_ring, basic_ecumenical_altar,
          nicolae_elevator_lobby_plus, uniq_sigmund, uniq_natasha, uniq_jessica
D:3:      layout_basic, mainiacjoe_overflow_tiny_flanked
D:4:      layout_rooms, kennysheep_mini, nicolae_kite_square_tiling_tiny
D:5:      layout_loops_ring, marbit_many_paths, vehumet_altar_wand_db,
          nicolae_stop_n_shop_2

Skill      XL: |  1  2  3  4  5  6 |
---------------+-------------------+-----
Stealth        | 2 3 4 |  4.0
Dodging        | 3 4 5 |  5.6
Fighting       | 2 3 |  3.7
Ranged Weapons | 6 |  6.0

Action                   |  1- 3 |  4- 6 || total
-------------------------+-------+-------++-------
 Fire: Shortbow          |    64 |   147 ||   211
  Use: Scroll            |       |     4 ||     4
       Potion            |       |     3 ||     3
Armor: Leather armour    |     7 |    24 ||    31
       Skin              |       |     5 ||     5
       Ring mail         |       |     5 ||     5
Dodge: Dodged            |    12 |    46 ||    58
